 Dungeon Crawl Stone Soup version 0.22-b1-26-g9dbaab1 (webtiles) character file.

26667 Nilihum the Spear-Bearer (level 13, 0/104 HPs)
             Began as a Merfolk Skald on Aug 6, 2018.
             Was the Champion of Okawaru.
             Slain by a hog (6 damage)
             ... led by Kirke
             ... on level 6 of the Lair of Beasts.
             The game lasted 00:46:38 (20165 turns).

Nilihum the Spear-Bearer (Merfolk Skald)           Turns: 20165, Time: 00:46:39

Health: 0/104      AC: 12    Str: 16    XL:     13   Next: 27%
Magic:  0/20       EV: 17    Int: 18    God:    Okawaru [******]
Gold:   903        SH:  0    Dex: 17    Spells: 13/22 levels left

rFire    . . .     SeeInvis +   b - +4 halberd of Distant Shores {freeze, *Corrode Str+3 Dex+4 SInv}
rCold    . . .     Gourm    .   (shield currently unavailable)
rNeg     . . .     Faith    .   B - +1 scale mail {rPois}
rPois    +         Spirit   +   s - +1 helmet {SInv}
rElec    .         Reflect  .   f - scarf {Spirit}
rCorr    .         Harm     .   F - +0 pair of gloves (curse)
MR       .....                  j - +0 pair of boots
Stlth    ..........             i - amulet of regeneration {+regen, !d}
HPRegen  0.67/turn              m - +2 ring of intelligence
MPRegen  0.17/turn              D - ring of wizardry {Wiz+, !d}

@: about to teleport, slowed, very slow
A: change form in water, swift swim, stealthy swim, mutation resistance 1
a: Heroism, Finesse, Renounce Religion


You were on level 6 of the Lair of Beasts.
You worshipped Okawaru.
Okawaru was exalted by your worship.
You were not hungry.

You visited 3 branches of the dungeon, and saw 18 of its levels.

You collected 1174 gold pieces.
You spent 271 gold pieces at shops.

Inventory:

Hand Weapons
 a - a +4 trident of piercing
   (You found it on level 7 of the Dungeon)
 b - the +4 halberd of Distant Shores (weapon) {freeze, *Corrode Str+3 Dex+4 SInv}
   (You found it on level 5 of the Lair of Beasts)

   It has been specially enchanted to freeze those struck by it, causing extra
   injury to most foes and up to half again as much damage against particularly
   susceptible opponents.
   It can also slow down cold-blooded creatures.
   It affects your strength (+3).
   It affects your dexterity (+4).
   It lets you see invisible.
   It may corrode you when you take damage.
 T - a +1 halberd
   (You took it off a wight on level 10 of the Dungeon)
 U - a +0 glaive
   (You found it on level 10 of the Dungeon)
 W - a +1 bardiche of flaming
   (Okawaru gifted it to you on level 6 of the Lair of Beasts)
Missiles
 L - 7 curare-tipped needles
Armour
 f - a scarf of spirit shield (worn)
   (You found it on level 2 of the Dungeon)
 j - a +0 pair of boots (worn)
   (You found it on level 1 of the Dungeon)
 l - a +0 buckler
   (You found it on level 1 of the Dungeon)
 s - a +1 helmet of see invisible (worn)
   (Okawaru gifted it to you on level 3 of the Lair of Beasts)
 B - a +1 scale mail of poison resistance (worn)
   (You found it on level 5 of the Dungeon)
 F - a cursed +0 pair of gloves (worn)
   (You found it on level 6 of the Dungeon)
 Q - a +0 troll leather armour {regen}
   (You found it on level 9 of the Dungeon)
Magical Staves
 O - an uncursed staff of fire {unknown}
   (You found it on level 5 of the Lair of Beasts)
Jewellery
 c - an uncursed amulet of rage {+Rage, !d}
   (You found it on level 1 of the Lair of Beasts)
 i - an amulet of regeneration (around neck) {+regen, !d}
   (You found it on level 1 of the Dungeon)
 m - a +2 ring of intelligence (left hand)
   (You found it on level 7 of the Dungeon)
 p - an uncursed ring of resist corrosion {unknown}
   (You found it on level 3 of the Lair of Beasts)
 x - a cursed ring of attention {unknown}
   (You found it on level 4 of the Lair of Beasts)
 A - an uncursed ring of protection from fire {rF+, !d}
   (You found it on level 5 of the Dungeon)
 D - a ring of wizardry (right hand) {Wiz+, !d}
   (You found it on level 5 of the Dungeon)
 G - an uncursed ring of stealth {unknown}
   (You found it on level 4 of the Lair of Beasts)
 K - an uncursed ring of protection from magic {MR+, !d}
   (You found it on level 2 of the Lair of Beasts)
 P - an uncursed ring of positive energy {unknown}
   (You found it on level 5 of the Lair of Beasts)
 V - a cursed amulet of inaccuracy {unknown}
   (You found it on level 6 of the Lair of Beasts)
Wands
 g - a wand of iceblast (19)
   (You found it on level 1 of the Lair of Beasts)
 u - a wand of digging (9)
   (You found it on level 3 of the Lair of Beasts)
 R - a wand of flame (29)
   (You found it on level 5 of the Lair of Beasts)
Scrolls
 e - 4 scrolls of blinking {!r}
 h - 4 scrolls of magic mapping {!r}
 k - 14 scrolls of teleportation
 n - 10 scrolls of remove curse
 r - 3 scrolls of fear
 J - 7 scrolls of fog
 M - 5 scrolls of identify
 S - a scroll of amnesia
Potions
 o - 6 potions of curing
 q - 3 potions of might
 t - 4 potions of haste
 v - a potion of ambrosia
 w - 5 potions of berserk rage {!q}
 z - 4 potions of heal wounds
 C - 2 potions of magic
 I - 3 potions of agility
Comestibles
 d - 26 rations


   Skills:
 + Level 10.5 Fighting
 * Level 14.9 Polearms
 * Level 4.2 Armour
 + Level 12.3 Dodging
 - Level 4.0 Shields
 - Level 5.0 Spellcasting
 - Level 10.0 Charms
 - Level 8.0 Invocations


You had 13 spell levels left.
You knew the following spells:

 Your Spells              Type           Power        Failure   Level  Hunger
a - Infusion              Chrm           ####         1%          1    None
r - Regeneration          Chrm/Necr      ###.......   7%          3    ##.....
s - Shroud of Golubria    Chrm/Tloc      ###.......   3%          2    #......
z - Spectral Weapon       Hex/Chrm       ###.....     7%          3    ##.....

Your spell library contained the following spells:

 Spells                   Type           Power        Failure   Level  Hunger
 Cause Fear               Hex            #.........   85%         4    ####...
 Magic Dart               Conj           #...         17%         1    None
 Confuse                  Hex            #.......     45%         3    ##.....
 Mephitic Cloud           Conj/Pois/Air  #.......     45%         3    ##.....
 Venom Bolt               Conj/Pois      #.........   99%         5    ######.
 Olgreb's Toxic Radiance  Pois           #.......     85%         4    ####...
 Summon Small Mammal      Summ           #...         17%         1    None
 Iskenderun's Mystic Bla  Conj           #.......     85%         4    ####...
 Animate Dead             Necr           N/A          85%         4    ####...
 Pain                     Necr           #...         17%         1    None
 Animate Skeleton         Necr           N/A          17%         1    None
 Vampiric Draining        Necr           #.........   45%         3    ##.....
 Summon Ice Beast         Ice/Summ       #.......     85%         4    ####...
 Call Imp                 Summ           #.......     26%         2    #......
 Sting                    Conj/Pois      #...         17%         1    None
 Tukima's Dance           Hex            #.......     45%         3    ##.....
 Stone Arrow              Conj/Erth      #.....       45%         3    ##.....
 Recall                   Summ/Tloc      N/A          45%         3    ##.....
 Spider Form              Tmut/Pois      #.........   45%         3    ##.....
 Blade Hands              Tmut           #.........   99%         5    ######.
 Ice Form                 Ice/Tmut       #.......     85%         4    ####...
 Deflect Missiles         Chrm/Air       ###.......   96%         6    #######
 Passwall                 Tmut/Erth      #.......     26%         2    #......
 Sticks to Snakes         Tmut           #.......     26%         2    #......
 Call Canine Familiar     Summ           #.......     45%         3    ##.....
 Ensorcelled Hibernation  Hex/Ice        #.....       26%         2    #......
 Silence                  Hex/Air        #.........   99%         5    ######.
 Corona                   Hex            #......      17%         1    None
 Lee's Rapid Deconstruct  Erth           #.........   99%         5    ######.
 Sandblast                Erth           #.....       17%         1    None
 Petrify                  Tmut/Erth      #.......     85%         4    ####...
 Malign Gateway           Summ/Tloc      #.........   100%        7    #######
 Beastly Appendage        Tmut           #.....       17%         1    None
 Fulminant Prism          Conj/Hex       #.........   85%         4    ####...
 Dazzling Spray           Conj/Hex       #.....       45%         3    ##.....
 Force Lance              Conj/Tloc      #.......     85%         4    ####...
 Song of Slaying          Chrm           #####...     1%          2    #......
 Searing Ray              Conj           #.....       26%         2    #......
 Discord                  Hex            #.........   100%        8    #######
 Summon Lightning Spire   Summ/Air       #.......     85%         4    ####...
 Summon Guardian Golem    Hex/Summ       #.......     45%         3    ##.....
 Summon Mana Viper        Hex/Summ       #.......     99%         5    ######.
 Yara's Violent Unravell  Hex/Tmut       #.........   99%         5    ######.
 Poisonous Vapours        Pois/Air       #.....       26%         2    #......


Dungeon Overview and Level Annotations

Branches:
Dungeon (11/15)            Temple (1/1) D:5            Lair (6/6) D:11
 Shoals (0/4) Lair:2        Snake (0/4) Lair:3        Slime (0/5) Lair:5
    Orc (0/2) D:10

Altars:
Ashenzari
Cheibriados
Dithmenos
Elyvilon
Fedhas
Gozag
Hepliaklqana
Kikubaaqudgha
Makhleb
Nemelex Xobeh
Okawaru
Qazlal
Ru
Sif Muna
Trog
Uskayaw
Vehumet
Wu Jian
Xom
Yredelemnul
Zin
The Shining One

Shops:
D:7 ?   D:8 }*=   D:11 ?

Annotations:
D:3 2 transporters
D:10 1 runed door, corax's ghost, novice SpHu
Lair:6 2 transporters, Kirke; Pine's ghost, journeyman MfGl


Innate Abilities, Weirdness & Mutations

You revert to your normal form in water.
You are very nimble and swift while swimming.
You are very stealthy in the water. (Stealth+)
You are somewhat resistant to further mutation.


Message History

Kirke gestures at you while chanting.
You feel yourself slow down.
Attack whom?
Aim: a hog You reach to attack!
You puncture the hog! You freeze the hog.
Your spectral weapon hits the hog from afar!
Your spectral weapon freezes the hog.
You hit the hog. You freeze the hog.
Your spectral weapon misses the hog.
The hog misses you.
You hit Kirke. You freeze Kirke. The hog bites you. The hog barely misses you.
The hog closely misses you. Kirke hits you!
You take 11 damage, and have 93/104 hp.
You now have 16/20 mp.
You slash Kirke! You freeze Kirke. The hog closely misses you.
The hog barely misses you.
The hog closely misses your spectral weapon.
Kirke gestures wildly while chanting.
Kirke summons some harpies!
You hit Kirke. You freeze Kirke. The hog closely misses you. x2
The hog barely misses you. The hog bites your spectral weapon.
Your spectral weapon shares its damage with you!
The hog misses your spectral weapon. The hog barely misses you. Kirke hits you.
You take 4 damage, and have 90/104 hp.
You now have 14/20 mp.
You slash Kirke! You freeze Kirke. The harpy completely misses you.
The harpy claws you but does no damage. The hog completely misses you. x2
The hog bites you but does no damage. The harpy claws you!
The harpy barely misses you. Kirke hits you.
You take 9 damage, and have 81/104 hp.
You now have 12/20 mp.
You puncture Kirke! You freeze Kirke. The hog misses you.
The hog closely misses you. The hog bites your spectral weapon.
Your spectral weapon shares its damage with you!
The harpy barely misses you. The harpy claws you but does no damage.
Kirke misses you. The hog bites you! The hog bites you but does no damage.
The hog barely misses you. The harpy completely misses you.
The harpy misses you.
You take 11 damage, and have 70/104 hp.
You now have 11/20 mp.
You impale Kirke!! You freeze Kirke. The harpy closely misses you.
The harpy completely misses you. The harpy claws you but does no damage.
The harpy misses you. x2; The harpy completely misses you.
The harpy barely misses you. The harpy closely misses you.
The hog bites your spectral weapon.
Your spectral weapon shares its damage with you!
The hog misses you. The hog barely misses you.
Kirke gestures wildly while chanting.
Kirke summons a sphinx!
You take 1 damage, and have 69/104 hp.
You slash Kirke! You freeze Kirke. The hog completely misses you.
The hog bites your spectral weapon!
Your spectral weapon shares its damage with you!
Your spectral weapon fades away.
The harpy claws you but does no damage. x2; The hog misses you.
The harpy claws you. The harpy barely misses you.
Kirke hits you but does no damage. The hog barely misses you.
The sphinx hits you. The sphinx closely misses you.
The sphinx hits you but does no damage. The harpy claws you but does no damage.
The harpy claws you! The hog closely misses you.
You take 18 damage, and have 51/104 hp.
You now have 9/20 mp.
Your scale mail prevents you from hitting Kirke.
The harpy claws you but does no damage. The harpy misses you.
The harpy claws you! The harpy misses you. Kirke barely misses you.
The hog barely misses you. x2; The hog misses you.
The sphinx hits you but does no damage. x3; The hog misses you.
The harpy misses you. The harpy closely misses you.
You take 9 damage, and have 42/104 hp.
You now have 7/20 mp.
As you read the scroll of teleportation, it crumbles to dust.
You feel strangely unstable. The harpy misses you.
The harpy claws you but does no damage. The harpy claws you! x2
* * * LOW HITPOINT WARNING * * *
The hog closely misses you. The hog misses you. The hog barely misses you.
Kirke howls an incantation.
Kirke shimmers violently.
Kirke hits you but does no damage. The sphinx closely misses you. x2
The sphinx hits you but does no damage. The hog bites you.
* * * LOW HITPOINT WARNING * * *
The hog closely misses you. x2; The hog bites you.
* * * LOW HITPOINT WARNING * * *
Kirke hits you!
* * * LOW HITPOINT WARNING * * *
The sphinx hits you!
* * * LOW HITPOINT WARNING * * *
The sphinx hits you but does no damage. x2
The hog bites you but does no damage.
You take 33 damage, and have 9/104 hp.
MASSIVE DAMAGE!!
You now have 1/20 mp.
Okay, then.
You feel much better.
The harpy screeches!
The harpy completely misses you. x2; The harpy claws you.
* * * LOW HITPOINT WARNING * * *
The harpy claws you but does no damage. The hog bites you but does no damage.
The hog completely misses you. The hog bites you but does no damage.
The harpy claws you!
* * * LOW HITPOINT WARNING * * *
The harpy closely misses you. The sphinx hits you!
* * * LOW HITPOINT WARNING * * *
The sphinx closely misses you. The sphinx misses you.
Kirke hits you but does no damage. The hog misses you.
The hog bites you but does no damage. The hog bites you.
You die...

...## .....## .......##
.#......# ........##
.........## ###
..........## #####..
....#.hhH..#######......
...#..h@HH.........#....
......@h......#........#
...P...........#.......#
........†....†..........
P..#.##...#..##........#
#..#. #########.##.#####
## ## ######


You could see Kirke (invisible), a sphinx, 2 harpies and 4 hogs.

Vanquished Creatures
  3 two-headed ogres
  5 hydras
  An ogre mage (D:11)
  2 ugly things (D:11)
  A merfolk siren (Lair:2)
  An elephant (Lair:3)
  2 black mambas (Lair:6)
  A torpor snail (Lair:5)
  A gargoyle (D:11)
  2 kobold demonologists (D:10)
  8 spiny frogs
  5 komodo dragons
  A rime drake (Lair:4)
  3 trolls
  A hornet (D:10)
  A polar bear (Lair:4)
  2 slime creatures (Lair:5)
  3 hippogriffs
  2 shadows (D:11)
  A wraith (D:10)
  11 yaks
  A wyvern (D:11)
  2 basilisks
  4 nagas (Lair:3)
  10 water moccasins
  4 hell hounds (Lair:6)
  3 porcupines
  2 sky beasts
  A black bear (D:6)
  6 orc warriors
  4 phantoms
  An ice beast (D:5)
  A hornet zombie (D:11)
  5 ogres
  6 wolves
  A centaur (D:6)
  9 crocodiles
  4 big kobolds
  11 bullfrogs
  A wyvern zombie (D:11)
  A wyvern skeleton (D:11)
  5 scorpions
  8 killer bees
  A water moccasin skeleton (D:8)
  13 wights
  A howler monkey (D:10)
  An electric eel (D:11)
  5 crimson imps
  A centaur zombie (D:5)
  7 hounds
  7 jellies
  12 orc wizards
  A gnoll shaman (D:4)
  4 orc priests
  A centaur skeleton (D:8)
  2 iguanas
  6 worker ants
  6 ogre zombies (D:10)
  3 hound skeletons
  3 worker ant zombies
  3 gnolls (D:4)
  16 adders
  A shadow imp (D:5)
  2 oozes (D:1)
  An adder zombie (D:5)
  An adder skeleton (D:8)
  3 dart slugs
  5 leopard geckos
  25 orcs
  5 giant cockroaches
  7 goblins
  6 hobgoblins
  8 jackals
  8 kobolds
  6 quokkas
  2 ball pythons (D:1)
  5 bats
  3 frilled lizards
  2 goblin skeletons (D:10)
  4 goblin zombies (D:10)
  A hobgoblin skeleton (D:10)
  5 hobgoblin zombies (D:10)
  A jackal skeleton (D:5)
  A leopard gecko skeleton (D:5)
  2 leopard gecko zombies (D:5)
  7 orc zombies (D:10)
  A quokka zombie (D:7)
  4 rats
  A butterfly (Lair:1)
357 creatures vanquished.

Vanquished Creatures (others)
  An orc wizard (D:7)
  4 fungi (Lair:6)
  10 spectral weapons
15 creatures vanquished.

Grand Total: 372 creatures vanquished

Notes
Turn   | Place    | Note
-------+----------+-------------------------------------------
     0 | D:1      | Nilihum the Merfolk Skald began the quest for the Orb.
     0 | D:1      | Reached XP level 1. HP: 16/16 MP: 3/3
   278 | D:1      | Reached XP level 2. HP: 23/23 MP: 5/5
   433 | D:1      | Reached skill level 3 in Dodging
   592 | D:1      | Learned a level 2 spell: Shroud of Golubria
  1046 | D:2      | Nilihum: !wtf Sk
  1046 | D:2      | beem: Skald
  1061 | D:2      | Reached XP level 3. HP: 19/28 MP: 6/6
  1086 | D:2      | HP: 7/28 [poisoned by an adder]
  1093 | D:2      | HP: 6/28 [poisoned by an adder]
  1101 | D:2      | HP: 5/28 [poisoned by an adder]
  1646 | D:2      | Reached XP level 4. HP: 31/34 MP: 1/7
  2430 | D:3      | Reached skill level 1 in Shields
  2438 | D:3      | Learned a level 3 spell: Regeneration
  2646 | D:3      | Reached skill level 4 in Polearms
  2748 | D:3      | Reached skill level 3 in Fighting
  2966 | D:3      | Reached XP level 5. HP: 37/41 MP: 8/8
  2974 | D:3      | Reached skill level 4 in Charms
  3357 | D:3      | Found a transporter.
  3358 | D:3      | Noticed a water moccasin
  3359 | D:3      | Found an ornate altar of the Wu Jian Council.
  3497 | D:3      | Found a transporter.
  3810 | D:4      | Reached skill level 4 in Dodging
  3810 | D:4      | Reached XP level 6. HP: 27/47 MP: 0/10
  4042 | D:4      | Reached skill level 5 in Polearms
  4208 | D:4      | Learned a level 3 spell: Spectral Weapon
  4224 | D:4      | Found a shattered altar of Ashenzari.
  4232 | D:4      | Found the +7 great mace "Undeadhunter" {disrupt, rN+}
  4246 | D:4      | Nilihum: ??undeadhuunter
  4246 | D:4      | beem: undeadhuunter ~ undeadhunter[1/1]: A +7 great mace with rN+. Has its own effect identical to the old disruption brand: a 2/3 chance of up to quadruple damage, with an average of 250% damage, but only against undead.
  4255 | D:4      | Reached skill level 3 in Spellcasting
  4519 | D:5      | Entered Level 5 of the Dungeon
  4570 | D:5      | Found a white marble altar of Elyvilon.
  4626 | D:5      | Reached skill level 2 in Shields
  4713 | D:5      | Noticed an ice beast
  4730 | D:5      | Killed an ice beast
  4730 | D:5      | Reached skill level 6 in Polearms
  4730 | D:5      | Reached XP level 7. HP: 53/53 MP: 4/11
  4763 | D:5      | Found a shimmering altar of Xom.
  4764 | D:5      | Found a shimmering altar of Xom.
  4764 | D:5      | Found a shimmering altar of Xom.
  4764 | D:5      | Found a shimmering altar of Xom.
  4765 | D:5      | Found a shimmering altar of Xom.
  4765 | D:5      | Found a shimmering altar of Xom.
  4841 | D:5      | Found a hide-covered altar of Uskayaw.
  5126 | D:5      | Found a snail-covered altar of Cheibriados.
  5139 | D:5      | Reached skill level 4 in Fighting
  5321 | D:5      | Found a staircase to the Ecumenical Temple.
  5337 | Temple   | Entered the Ecumenical Temple
  5538 | Temple   | Became a worshipper of Warmaster Okawaru
  5575 | D:5      | Found a glowing golden altar of the Shining One.
  6051 | D:5      | Reached skill level 5 in Dodging
  6460 | D:6      | Found a sacrificial altar of Ru.
  6497 | D:6      | Found a burning altar of Makhleb.
  6511 | D:6      | Found an ancient bone altar of Kikubaaqudgha.
  6558 | D:6      | Reached skill level 7 in Polearms
  6558 | D:6      | Reached skill level 5 in Charms
  6558 | D:6      | Reached XP level 8. HP: 56/61 MP: 10/13
  6599 | D:6      | Found a shadowy altar of Dithmenos.
  6621 | D:6      | Reached skill level 3 in Shields
  6919 | D:6      | Found an opulent altar of Gozag.
  7105 | D:7      | Found Vaymaesm's Magic Scroll Emporium.
  7110 | D:7      | Reached * piety under Okawaru
  7115 | D:7      | Got a polished quarterstaff
  7478 | D:6      | HP: 13/61 [orc warrior/stone (13)]
  7587 | D:6      | HP: 14/61 [orc warrior/trident (11)]
  7588 | D:6      | Reached skill level 8 in Polearms
  7588 | D:6      | Reached skill level 4 in Spellcasting
  8173 | D:7      | Reached skill level 5 in Fighting
  8173 | D:7      | Reached skill level 6 in Dodging
  8465 | D:7      | Reached XP level 9. HP: 60/68 MP: 9/15
  8595 | D:7      | Bought a scroll of blinking for 97 gold pieces
  8595 | D:7      | Bought a scroll of teleportation for 39 gold pieces
  8595 | D:7      | Bought a scroll of teleportation for 39 gold pieces
  8803 | D:7      | Reached ** piety under Okawaru
  8803 | D:7      | Reached skill level 9 in Polearms
  8803 | D:7      | Reached skill level 4 in Shields
  8882 | D:7      | Reached skill level 6 in Charms
  9010 | D:7      | Reached skill level 1 in Invocations
  9373 | D:8      | Reached skill level 10 in Polearms
  9373 | D:8      | Reached skill level 7 in Dodging
  9373 | D:8      | Reached skill level 2 in Invocations
  9546 | D:8      | Found Ripegrao's General Store.
  9551 | D:8      | Bought a potion of heal wounds for 60 gold pieces
  9551 | D:8      | Bought a scroll of teleportation for 36 gold pieces
  9692 | D:8      | Found Amol's Gadget Shop.
  9711 | D:8      | Reached *** piety under Okawaru
  9711 | D:8      | Reached skill level 6 in Fighting
  9715 | D:8      | Reached skill level 5 in Spellcasting
  9994 | D:8      | Found Kuxip's Jewellery Shoppe.
 10102 | D:9      | Got an ichor-stained hunting sling
 10103 | D:9      | Noticed a two-headed ogre
 10114 | D:9      | HP: 14/69 [two-headed ogre/giant club (15)]
 10117 | D:9      | Killed a two-headed ogre
 10117 | D:9      | Reached skill level 11 in Polearms
 10117 | D:9      | Reached skill level 7 in Charms
 10117 | D:9      | Reached skill level 3 in Invocations
 10117 | D:9      | Reached XP level 10. HP: 17/77 MP: 3/17
 10645 | D:9      | Got an ancient robe
 10849 | D:9      | Reached skill level 8 in Dodging
 11043 | D:10     | Entered Level 10 of the Dungeon
 11045 | D:10     | Noticed corax's ghost (novice SpHu)
 11048 | D:10     | Found a runed door.
 11096 | D:10     | Reached **** piety under Okawaru
 11159 | D:10     | Reached skill level 4 in Invocations
 11222 | D:10     | Reached skill level 12 in Polearms
 11280 | D:10     | Reached skill level 7 in Fighting
 11574 | D:10     | Found a staircase to the Orcish Mines.
 11612 | D:10     | Reached ***** piety under Okawaru
 11768 | D:10     | Reached XP level 11. HP: 84/84 MP: 14/18
 11928 | D:10     | Reached skill level 9 in Dodging
 11928 | D:10     | Reached skill level 8 in Charms
 11928 | D:10     | Reached skill level 5 in Invocations
 11939 | D:10     | Reached skill level 13 in Polearms
 12391 | D:10     | Noticed a two-headed ogre
 12413 | D:10     | Killed a two-headed ogre
 12585 | D:10     | Got a warped buckler
 12983 | D:11     | Noticed a two-headed ogre
 12999 | D:11     | Killed a two-headed ogre
 12999 | D:11     | Received a gift from Okawaru
 13248 | D:11     | Reached skill level 8 in Fighting
 13417 | D:11     | Noticed an ogre mage
 13435 | D:11     | Killed an ogre mage
 13602 | D:11     | Noticed a cyan ugly thing
 13612 | D:11     | Killed a cyan ugly thing
 13701 | D:11     | Noticed a purple ugly thing
 13709 | D:11     | Killed a purple ugly thing
 13709 | D:11     | Reached skill level 14 in Polearms
 13709 | D:11     | Reached skill level 6 in Invocations
 13819 | D:11     | Found a staircase to the Lair.
 13999 | D:11     | Reached skill level 10 in Dodging
 14043 | D:11     | Received a gift from Okawaru
 14118 | D:11     | Reached skill level 9 in Charms
 14289 | D:11     | Found Raluby's Magic Scroll Shop.
 14436 | Lair:1   | Entered Level 1 of the Lair of Beasts
 14469 | Lair:1   | Identified the +5 buckler of Mysticism {-Cast +Fly rC- rN+++} (You found it on level 10 of the Dungeon)
 14509 | Lair:1   | Gained mutation: You are somewhat resistant to further mutation. [potion of mutation]
 14782 | Lair:1   | Reached skill level 1 in Armour
 14782 | Lair:1   | Reached XP level 12. HP: 81/94 MP: 15/19
 14825 | Lair:1   | Noticed a six-headed hydra
 14833 | Lair:1   | Killed a six-headed hydra
 14984 | Lair:1   | Reached skill level 9 in Fighting
 15417 | Lair:2   | Reached skill level 7 in Invocations
 15619 | Lair:2   | Found a staircase to the Shoals.
 15760 | Lair:2   | Reached ****** piety under Okawaru
 16001 | Lair:3   | Noticed a six-headed hydra
 16012 | Lair:3   | Killed a six-headed hydra
 16012 | Lair:3   | Received a gift from Okawaru
 16012 | Lair:3   | Reached skill level 2 in Armour
 16480 | Lair:3   | Reached skill level 11 in Dodging
 16485 | Lair:3   | Found a staircase to the Snake Pit.
 17373 | Lair:4   | Identified the Compendium of the Noxious Entourage
 17954 | Lair:4   | Reached skill level 10 in Charms
 18129 | Lair:4   | Reached skill level 3 in Armour
 18285 | Lair:4   | Reached skill level 8 in Invocations
 18733 | Lair:5   | Reached skill level 10 in Fighting
 18748 | Lair:5   | Found a staircase to the Slime Pits.
 18964 | Lair:5   | Found a stormy altar of Qazlal.
 18996 | Lair:5   | Got a shimmering halberd
 19002 | Lair:5   | Identified the +4 halberd of Distant Shores {freeze, *Corrode Str+3 Dex+4 SInv} (You found it on level 5 of the Lair of Beasts)
 19313 | Lair:6   | Entered Level 6 of the Lair of Beasts
 19313 | Lair:6   | Noticed a seven-headed hydra
 19324 | Lair:6   | Noticed a four-headed hydra
 19417 | Lair:6   | Noticed a five-headed hydra
 19432 | Lair:5   | Killed a five-headed hydra
 19432 | Lair:5   | Reached XP level 13. HP: 64/103 MP: 4/20
 19521 | Lair:6   | Reached skill level 12 in Dodging
 19729 | Lair:6   | Reached skill level 4 in Armour
 19776 | Lair:6   | Received a gift from Okawaru
 19911 | Lair:6   | Found a transporter.
 19917 | Lair:6   | Noticed a dire elephant
 19919 | Lair:6   | Noticed Pine's ghost (journeyman MfGl)
 19931 | Lair:6   | Found a transporter.
 20149 | Lair:6   | Noticed Kirke
 20162 | Lair:6   | Noticed a sphinx
 20164 | Lair:6   | HP: 22/104 [hog[Kirke] (6)]
 20164 | Lair:6   | HP: 9/104 [sphinx[Kirke] (8)]
 20165 | Lair:6   | Slain by a hog

Skill      XL: |  1  2  3  4  5  6  7  8  9 10 11 12 13 |
---------------+----------------------------------------+-----
Dodging        | 3 4 5 6 7 8 10 11 12 | 12.3
Shields        | 1 2 3 4 |  4.0
Polearms       | 4 6 7 8 11 12 14 | 14.9
Fighting       | 3 4 5 6 7 8 10 | 10.5
Charms         | 4 5 7 9 10 | 10.0
Spellcasting   | 3 4 5 |  5.0
Invocations    | 3 4 6 8 |  8.0
Armour         | 1 3 4 |  4.2

Action                   |  1- 3 |  4- 6 |  7- 9 | 10-12 | 13-15 || total
-------------------------+-------+-------+-------+-------+-------++-------
Melee: Spear             |    88 |       |       |       |       ||    88
       Trident           |     4 |   241 |   453 |   820 |    14 ||  1532
       Halberd           |       |       |       |    27 |    84 ||   111
       Tailslap          |       |       |       |     3 |       ||     3
 Cast: Infusion          |     2 |     6 |     4 |     4 |       ||    16
       Spectral Weapon   |       |       |    23 |    48 |     2 ||    73
       Regeneration      |       |       |     1 |       |       ||     1
Invok: Finesse           |       |       |       |     2 |       ||     2
Evoke: Wand              |       |       |       |     1 |       ||     1
  Use: Scroll            |     4 |       |    12 |     7 |     6 ||    29
       Potion            |     1 |       |     2 |     6 |     1 ||    10
 Stab: Sleeping          |     1 |       |     2 |       |       ||     3
       Distracted        |       |       |       |     4 |       ||     4
  Eat: Chunk             |     2 |     9 |     7 |    30 |       ||    48
       Ration            |       |       |     4 |     1 |     1 ||     6
Armor: Leather armour    |    13 |    42 |    57 |       |       ||   112
       Troll leather arm |       |       |       |    39 |       ||    39
       Scale mail        |       |       |       |    63 |    40 ||   103
Dodge: Dodged            |    57 |   137 |   233 |   353 |   116 ||   896
Block: Buckler           |       |       |    24 |    84 |       ||   108

Vault maps used:
D:1:      dpeg_arrival_lava_temple_mockup
D:3:      gammafunk_temple_overflow_arena
D:4:      cheibrodos_quashed, ashenzari_conservatory_becter, first_ration
D:5:      overflow_temple_1_default, lemuel_round_altar, xom_redecorated,
          old_standard_altar, nicolae_overflow_crystal_walls,
          minmay_temple_entry_purple_smoke, minivault_26
D:6:      black_bear_nest_2, grunt_temple_overflow_open,
          nicolae_dithmenos_shadow_blocks, nicolae_overflow_hidden_temple,
          nicolae_ru_sacrificial_ziggurat
D:7:      kennysheep_six_static_rooms, serial_shops, shop, minivault_11
D:8:      serial_shops, shop_fountains, nicolae_shop_trees, kennysheep_mini_moat
D:10:     zombieorc1_lemuel, hellmonk_ghost_happy_afterlife
D:11:     wad_river_or_something, lair_entry_dummy, serial_shops, shop
Temple:   dpeg_chambers_temple
Lair:1:   lemuel_fruit_fields, lemuel_fruit_fields
Lair:2:   minmay_shoals_entry_lonely_mermaid, serial_bayou_pond_a,
          infiniplex_staircase_pool_2
Lair:3:   minmay_snake_entry_guardpost_medium, st_stairs_11,
          serial_bayou_shore_a
Lair:5:   minmay_slime_entry_pillars, basic_altar
Lair:6:   cheibrodos_lair_end_hotspot, gammafunk_ghost_arena, uniq_kirke

Table legend:
 A = Turns spent in this place as a percentage of turns spent in the entire game.
 B = Non-inter-level travel turns spent in this place as a percentage of non-inter-level travel turns spent in the entire game.
 C = Inter-level travel turns spent in this place as a percentage of turns spent in this place.
 D = Turns resting spent in this place as a percentage of non-inter-level travel turns spent in this place.
 E = Turns spent auto-exploring this place as a percentage of non-inter-level travel turns spent in this place.
 F = Non-inter-level travel turns spent in this place divided by the number of levels of this place that you've seen.
                   A       B       C       D       E      F
               +-------+-------+-------+-------+-------+----------------------
         Total | 100.0 | 100.0 |   3.3 |  32.7 |  48.6 | 1083.1
       Dungeon |  70.5 |  71.0 |   2.6 |  38.1 |  43.0 | 1258.5
        Temple |   1.1 |   1.0 |  11.4 |   0.0 |  89.2 | 203.0
          Lair |  28.4 |  27.9 |   4.9 |  20.2 |  61.5 | 908.0
               +-------+-------+-------+-------+-------+----------------------

Table legend:
 A = Kills in this place as a percentage of kills in entire the game.
 B = Kills by you in this place as a percentage of kills by you in the entire game.
 C = Kills by friends in this place as a percentage of kills by friends in the entire game.
 D = Other kills in this place as a percentage of other kills in the entire game.
 E = Experience gained in this place as a percentage of experience gained in the entire game.
 F = Experience gained in this place divided by the number of levels of this place that you have seen.
                   A       B       C       D       E      F
               +-------+-------+-------+-------+-------+----------------------
         Total | 100.0 | 100.0 |   N/A | 100.0 | 100.0 | 2116.4
       Dungeon |  78.4 |  78.4 |   N/A | 100.0 |  46.8 | 1620.6
          Lair |  21.6 |  21.6 |   N/A |   0.0 |  53.2 | 3378.2
               +-------+-------+-------+-------+-------+----------------------
